 Dungeon Crawl Stone Soup version 0.25.1-9-gc5326a611f (webtiles) character file.

Game seed: 5712612273958987989

6005 teolandon225 the Spear-Bearer (level 10, 0/96 HPs)
             Began as a Minotaur Gladiator on Dec 26, 2020.
             Was a Follower of Trog.
             Slain by a worldbinder (5 damage)
             ... on level 1 of the Abyss.
             The game lasted 00:44:53 (10166 turns).

teolandon225 the Spear-Bearer (Minotaur Gladiator) Turns: 10166, Time: 00:44:53

Health: 0/96       AC:  8    Str: 23      XL:     10   Next: 56%
Magic:  8/8        EV:  8    Int:  5      God:    Trog [*.....]
Gold:   442        SH:  0    Dex: 10 (11) Spells: 9/9 levels left

rFire    + . .     SeeInvis .   j - +1 scythe (protect)
rCold    + . .     Gourm    .   (shield currently unavailable)
rNeg     . . .     Faith    +   y - +0 steam dragon scales
rPois    .         Spirit   .   c - +0 hat
rElec    .         Reflect  .   u - +0 cloak
rCorr    .         Harm     .   (no gloves)
MR       .....                  (no boots)
Stlth    ..........             n - amulet of faith
HPRegen  0.00/turn              m - ring of protection from cold
MPRegen  0.11/turn              g - ring of protection from fire

@: mighty, silence, held, non-regenerating, diseased
A: retaliatory headbutt, horns 2, low mp 1, wild magic 1, sturdy frame 1
a: Renounce Religion


You were on level 1 of the Abyss.
You worshipped Trog.
Trog was aware of your devotion.
You were not hungry.

You visited 2 branches of the dungeon, and saw 9 of its levels.
You visited the Abyss 1 time.

You collected 442 gold pieces.

Inventory:

Hand Weapons
 a - a +1 trident
 j - a +1 scythe of protection (weapon)
 l - a +2 vampiric whip
 o - a +1 hunting sling of freezing
Missiles
 d - 3 throwing nets (quivered)
Armour
 b - a +1 leather armour
 c - a +0 hat (worn)
 h - a +0 plate armour
 p - a +0 robe
 u - a +0 cloak (worn)
 v - a +0 robe of cold resistance
 y - +0 steam dragon scales (worn)
 z - a +0 chain mail
 C - a +0 cloak
Jewellery
 g - a ring of protection from fire (right hand)
 m - a ring of protection from cold (left hand)
 n - an amulet of faith (around neck)
Wands
 r - a wand of iceblast (11)
 x - a wand of flame (22)
Scrolls
 e - 3 scrolls of remove curse
 k - 2 scrolls of magic mapping
 q - 2 scrolls of amnesia
 B - a scroll of enchant weapon
 D - a scroll of identify
Potions
 s - a potion of invisibility
 A - a potion of mutation
Comestibles
 f - 9 rations


   Skills:
 * Level 11.2 Fighting
 * Level 11.4 Polearms
 - Level 2.2 Throwing
 + Level 7.5 Armour
 + Level 7.9 Dodging


You had 9 spell levels left.
You didn't know any spells.
Your spell library contained the following spells:

 Spells                   Type           Power        Failure   Level  Hunger
 Magic Dart               Conj           #...         56%         1    ##.....
 Blink                    Tloc           N/A          71%         2    ###....
 Call Imp                 Summ           #.......     71%         2    ###....
 Slow                     Hex            #.......     71%         2    ###....
 Confusing Touch          Hex            #.......     89%         3    ####...
 Conjure Flame            Conj/Fire      #.......     89%         3    ####...
 Gell's Gravitas          Tloc           #.........   89%         3    ####...
 Mephitic Cloud           Conj/Pois/Air  #.......     89%         3    ####...
 Petrify                  Tmut/Erth      #.......     99%         4    #####..
 Metabolic Englaciation   Hex/Ice        #.........   100%        5    ######.
 Yara's Violent Unravell  Hex/Tmut       #.........   100%        5    ######.


Dungeon Overview and Level Annotations

Branches:
Dungeon (8/15)             Temple (1/1) D:7
   Lair: D:8-11

Altars:
Ashenzari
Cheibriados
Dithmenos
Elyvilon
Fedhas
Gozag
Hepliaklqana
Kikubaaqudgha
Makhleb
Nemelex Xobeh
Okawaru
Qazlal
Ru
Sif Muna
Trog
Uskayaw
Vehumet
Wu Jian
Xom
Yredelemnul
Zin
The Shining One

Annotations:
D:3 3 runed translucent doors, hehateme's ghost, amateur GnAr
D:8 Psyche


Innate Abilities, Weirdness & Mutations

You reflexively headbutt those who attack you in melee.
You have a pair of horns on your head.
Your magical capacity is low. (-10% MP)
Your spells are a little harder to cast, but a little more powerful.
Your movements are slightly less encumbered by armour. (ER -2)


Message History

Okay, then.
The jumping spider misses you.
The jumping spider bites you but does no damage.
The worldbinder calls forth creatures from the Spider Nest!
The small abomination barely misses you.
The jumping spider barely misses you.
The jumping spider bites you but does no damage.
The jumping spider disappears in a puff of smoke!
The orb spider disappears in a puff of smoke!
The worldbinder hits you.
* * * LOW HITPOINT WARNING * * *
The worldbinder hits you.
* * * LOW HITPOINT WARNING * * *
The small abomination hits you.
* * * LOW HITPOINT WARNING * * *
The jumping spider pounces on you!
* * * LOW HITPOINT WARNING * * *
The jumping spider bites you but does no damage.
The worldbinder hits you.
You die...

## #. .# #.## ##. .
.. #..### .... #.#.
#..§.#..... ....
##x@s..# . .
.#....##sxxs#.#.
..# ..
.##...X##..... #..#
.#......4..#.#...
#...##.#......#○.##
##
###...#.#...##..###
#.........#....#..#
# .....####.#.###
..# ## s.....##


You could see an orange demon, an ancient zyme, a large abomination, a
worldbinder, 2 jumping spiders, a tarantella (summoned) and a small abomination.

Vanquished Creatures
  Pikel (D:5)
  Maggie (D:6)
  An orange demon (Abyss:1)
  A troll (D:7)
  Sigmund (D:6)
  A ynoxinul (Abyss:1)
  Eustachio (D:6)
  3 orc warriors
  4 ice beasts
  5 ogres
  2 phantoms
  6 sky beasts
  2 slaves (D:5)
  A big kobold (D:3)
  6 bullfrogs
  A scorpion (D:5)
  6 killer bees (D:7)
  10 wights
  3 howler monkeys (D:7)
  2 lava snakes (D:8)
  6 crimson imps
  A bullfrog zombie (D:8)
  2 hounds
  A quasit (D:5)
  A bullfrog skeleton (D:5)
  3 orc priests
  3 orc wizards
  A centaur skeleton (D:6)
  3 iguanas
  4 worker ants
  2 hound skeletons
  A howler monkey zombie (D:6)
  2 worker ant zombies (D:6)
  7 adders
  4 gnolls
  4 oozes
  2 adder zombies (D:6)
  3 adder skeletons
  A worm (D:2)
  4 dart slugs
  11 leopard geckos
  26 orcs
  2 ball pythons
  11 giant cockroaches
  10 goblins
  8 hobgoblins
  6 jackals
  8 kobolds
  8 quokkas
  10 bats
  3 frilled lizards
  A giant cockroach zombie (D:6)
  3 leopard gecko zombies
  6 rats
226 creatures vanquished.

Vanquished Creatures (others)
  A centaur (D:5)
  A worker ant (D:5)
  A leopard gecko (D:6)
  A lurking horror (Abyss:1)
4 creatures vanquished.

Grand Total: 230 creatures vanquished

Notes
Turn   | Place    | Note
-------+----------+-------------------------------------------
     0 | D:1      | teolandon225 the Minotaur Gladiator began the quest for the
                  | Orb.
     0 | D:1      | Reached XP level 1. HP: 18/18 MP: 0/0
    40 | D:1      | Reached XP level 2. HP: 22/25 MP: 1/1
   440 | D:1      | Reached XP level 3. HP: 28/31 MP: 2/2
   477 | D:1      | Reached skill level 1 in Armour
  1567 | D:2      | Reached XP level 4. HP: 17/38 MP: 3/3
  2130 | D:3      | Noticed hehateme's ghost (amateur GnAr)
  2256 | D:3      | Noticed a phantom
  2289 | D:3      | Killed a phantom
  2289 | D:3      | Reached skill level 5 in Polearms
  2289 | D:3      | Reached XP level 5. HP: 13/47 MP: 4/4
  2568 | D:3      | Found a runed translucent gate.
  2568 | D:3      | Found a runed translucent gate.
  2570 | D:3      | Found a runed translucent gate.
  2580 | D:3      | Reached XP level 6. HP: 55/55 MP: 5/5
  2636 | D:3      | Reached skill level 5 in Fighting
  3348 | D:4      | Found a shimmering altar of Xom.
  3663 | D:4      | Found a glowing silver altar of Zin.
  4243 | D:5      | Entered Level 5 of the Dungeon
  4275 | D:5      | Reached XP level 7. HP: 57/61 MP: 6/6
  4480 | D:5      | Reached skill level 5 in Dodging
  4558 | D:5      | Noticed Pikel
  4579 | D:5      | Gained mutation: Your spells are a little harder to cast,
                  | but a little more powerful. [potion of mutation]
  4579 | D:5      | Gained mutation: Your magical capacity is low. (-10% MP)
                  | [potion of mutation]
  4579 | D:5      | Gained mutation: Your movements are slightly less
                  | encumbered by armour. (ER -2) [potion of mutation]
  4588 | D:5      | Killed Pikel
  4588 | D:5      | Reached XP level 8. HP: 50/73 MP: 6/6
  4922 | D:5      | Found a sparkling altar of Nemelex Xobeh.
  5594 | D:5      | Reached skill level 5 in Armour
  5720 | D:5      | Found a shimmering blue altar of Sif Muna.
  5720 | D:5      | Found a shattered altar of Ashenzari.
  5720 | D:5      | Found a basalt altar of Yredelemnul.
  5810 | D:6      | Noticed Sigmund
  5847 | D:6      | Killed Sigmund
  6201 | D:6      | Reached XP level 9. HP: 82/82 MP: 7/7
  6243 | D:6      | Found a sacrificial altar of Ru.
  6275 | D:6      | Noticed Maggie
  6285 | D:6      | Killed Maggie
  6455 | D:6      | Found a snail-covered altar of Cheibriados.
  6460 | D:6      | Noticed Eustachio
  6468 | D:6      | Killed Eustachio
  7096 | D:7      | Noticed a troll
  7101 | D:7      | Reached skill level 10 in Polearms
  7129 | D:7      | Killed a troll
  7129 | D:7      | Reached skill level 10 in Fighting
  7717 | D:7      | Found a staircase to the Ecumenical Temple.
  7740 | D:7      | Reached XP level 10. HP: 66/93 MP: 8/8
  7745 | D:7      | HP: 2/93 [orc warrior/+0 short sword (13)]
  7753 | D:7      | Found an iron altar of Okawaru.
  7773 | D:7      | HP: 2/93 [sky beast (6)]
  8653 | Temple   | Entered the Ecumenical Temple
  8835 | Temple   | Became a worshipper of Trog the Wrathful
  9473 | D:8      | Reached * piety under Trog
  9942 | D:8      | Noticed Psyche
  9966 | D:8      | Cast into level 1 of the Abyss (Psyche)
  9975 | Abyss:1  | Found a hazy altar of Hepliaklqana.
 10038 | Abyss:1  | Noticed an orange demon
 10052 | Abyss:1  | Killed an orange demon
 10124 | Abyss:1  | Noticed a smoke demon
 10125 | Abyss:1  | Noticed an orange demon
 10148 | Abyss:1  | Noticed a worldbinder
 10166 | Abyss:1  | Noticed an orb spider
 10166 | Abyss:1  | Slain by a worldbinder

Illustrated notes

Levels and vault maps discovered:
D:1:      dpeg_arrival_more_subterranean_lakeside_camping, layout_rooms
D:2:      layout_basic
D:3:      layout_basic, gammafunk_ghost_split, chequers_serial_rivers_micro_b
D:4:      layout_basic, kennysheep_mini_moat, zin_statuary, first_ration,
          dk_noncrumbling_2, corexii_shack
D:5:      minmay_evil_eye, layout_gridville, nemelex_xobeh_ov_fountains_minmay,
          gammafunk_temple_overflow_claw, small_statue_intersection, uniq_pikel
D:6:      kennysheep_big_flooded_room, layout_basic, kennysheep_slug_shrine,
          nicolae_ru_great_annihilating_truth, uniq_eustachio, uniq_maggie,
          uniq_sigmund
D:7:      layout_loops_ring, okawaru_trees_1, minmay_temple_entry_stoned_glass
D:8:      layout_rooms, the_bakery, kennysheep_boxes, uniq_psyche
Temple:   jpeg_temple_clearing
Abyss:1:  base: D:11, abyss_fake_exit

Skill      XL: |  1  2  3  4  5  6  7  8  9 10 |
---------------+-------------------------------+-----
Polearms       | 4 5 6 7 8 10 11 | 11.4
Fighting       | 3 4 5 7 8 10 11 | 11.2
Armour         | 1 2 3 4 5 6 7 |  7.5
Dodging        | 4 5 6 7 |  7.9
Throwing       | |  2.2

Action                   |  1- 3 |  4- 6 |  7- 9 | 10-12 || total
-------------------------+-------+-------+-------+-------++-------
Melee: Trident           |    97 |   129 |   123 |       ||   349
       Headbutt          |    10 |    17 |    43 |    22 ||    92
       Scythe            |       |       |   171 |   214 ||   385
Evoke: Wand              |       |       |       |     1 ||     1
  Use: Scroll            |     5 |     4 |     2 |     7 ||    18
       Potion            |       |     4 |     5 |     5 ||    14
 Stab: Sleeping          |       |     1 |       |     1 ||     2
       Invisible         |       |       |     1 |       ||     1
       Paralysed         |       |       |     1 |       ||     1
  Eat: Ration            |     1 |     1 |     2 |     2 ||     6
       Chunk             |       |     6 |     4 |       ||    10
Armor: Leather armour    |    14 |     8 |    34 |       ||    56
       Skin              |       |    24 |    18 |       ||    42
       Steam dragon scal |       |       |    49 |    57 ||   106
       Robe              |       |       |       |    13 ||    13
Dodge: Dodged            |    63 |    65 |   219 |   174 ||   521
